 Dungeon Crawl Stone Soup version 0.18-a0-1203-gbde16db (webtiles) character file.

273 JustSomeDude the Ruffian (level 6, -4/91 HPs)
             Began as a Troll Monk on Feb 1, 2016.
             Slain by Natasha (5 damage)
             ... on level 3 of the Dungeon.
             The game lasted 00:03:07 (1398 turns).

JustSomeDude the Ruffian (Troll Monk)               Turns: 1398, Time: 00:03:07

Health: -4/91      AC:  5    Str: 26    XL:     6   Next: 2%
Magic:  5/5        EV: 11    Int:  6    God:
Gold:   130        SH:  0    Dex: 13    Spells: 0 memorised, 5 levels left

rFire  . . .     SeeInvis .       - Unarmed
rCold  . . .     Gourm    +     a - +0 robe
rNeg   . . .     Faith    .     (no shield)
rPois  .         Spirit   .     (helmet restricted)
rElec  .         Dismiss  +     (no cloak)
rCorr  .         Reflect  .     (gloves unavailable)
SustAt .         Harm     .     (boots unavailable)
MR     .....                    c - amulet of dismissal
Stlth  ..........               (no ring)
                                (no ring)

@: berserking (expiring), very quick, not resistant to hostile enchantments,
extremely unstealthy
A: unfitting armour, claws 3, fast metabolism 3, gourmand, regeneration 2,
shaggy fur 1, tough skin 2
a: no special abilities


You were on level 3 of the Dungeon.
You were not hungry.

You visited 1 branch of the dungeon, and saw 4 of its levels.

You collected 130 gold pieces.

Inventory:

Armour
 a - a +0 robe (worn)
Jewellery
 c - an amulet of dismissal (around neck)
Wands
 j - a wand of lightning (4/15)
Scrolls
 d - a scroll of enchant weapon {unknown}
 e - a scroll of magic mapping {unknown}
 f - a scroll of fog {unknown}
 g - a scroll of identify {unknown}
 h - a scroll of amnesia {unknown}
Potions
 k - a potion of curing {unknown}
Comestibles
 b - 2 bread rations


   Skills:
 + Level 3.4 Fighting
 + Level 3.9 Dodging
 + Level 1.2 Stealth
 + Level 5.4 Unarmed Combat


You had 5 spell levels left.
You didn't know any spells.

Dungeon Overview and Level Annotations

Branches:
Dungeon (4/15)
 Temple: D:4-7

Altars:

Annotations:
D:3 Natasha


Innate Abilities, Weirdness & Mutations

You are too large for most types of armour.
You have claws for hands.
Your metabolism is lightning-fast.
You like to eat raw meat.
You heal very quickly.
You are covered in fur (AC +1).
You have very tough skin (AC +2).


Message History

The magic dart hits you!
* * * LOW HITPOINT WARNING * * *
You claw totalnoob's ghost!
You destroy totalnoob's ghost!
You have reached level 6!
Your experience leads to an increase in your attributes!
Your base attributes are Str 20, Int 6, Dex 12.
Increase (S)trength, (I)ntelligence, or (D)exterity?
You feel agile.
You feel stronger. Natasha casts a spell at you. The magic dart hits you!
* * * LOW HITPOINT WARNING * * *
You are too berserk!
Unknown command.
You feel a strong urge to attack something.
Natasha stares at you and mumbles some strange words.
The magic dart hits you!
* * * LOW HITPOINT WARNING * * *
Natasha claws you.
You die...

...# ...# ####
#####################.#
................@h....#
#######################


You could see Natasha.

Vanquished Creatures
  The ghost of totalnoob the Magician, an amateur DrWz (D:3)
  A phantom (D:4)
  Natasha (D:3)
  An adder (D:3)
  An orc (D:3)
  2 giant cockroaches
  3 goblins
  A hobgoblin (D:1)
  8 jackals
  2 quokkas (D:3)
  4 bats
  2 kobolds (D:1)
  A rat (D:3)
28 creatures vanquished.

Notes
Turn   | Place    | Note
--------------------------------------------------------------
     0 | D:1      | JustSomeDude the Troll Monk began the quest for the Orb.
     0 | D:1      | Reached XP level 1. HP: 22/22 MP: 0/0
   759 | D:2      | You fall through a shaft for 2 floors!
   768 | D:4      | Noticed a phantom
   793 | D:4      | Killed a phantom
   793 | D:4      | Reached XP level 2. HP: 7/29 MP: 1/1
   793 | D:4      | Reached XP level 3. HP: 8/36 MP: 2/2
   793 | D:4      | Reached XP level 4. HP: 9/44 MP: 3/3
  1026 | D:3      | Noticed totalnoob's ghost (amateur DrWz)
  1044 | D:3      | Reached skill level 5 in Unarmed Combat
  1113 | D:3      | Noticed Natasha
  1123 | D:3      | Killed Natasha
  1175 | D:3      | Reached XP level 5. HP: 53/53 MP: 4/4
  1392 | D:3      | Noticed Natasha
  1395 | D:3      | Killed totalnoob's ghost
  1395 | D:3      | Reached XP level 6. HP: 10/61 MP: 5/5
  1395 | D:3      | HP: 4/91 [Natasha/magic dart (6)]
  1397 | D:3      | HP: 1/91 [Natasha/magic dart (4)]
  1398 | D:3      | Slain by Natasha

Vault maps used:
D:1:      arrival_zaba_pyramid, grunt_decor_clamped, monster_avoids_cloud
D:2:      lemuel_crystal_altar
D:3:      nicolae_overflow_crystal_walls, first_bread, uniq_natasha
D:4:      temple_doors_e, feat_on_display, uniq_grinder

Action                   |  1- 3 |  4- 6 || total
-------------------------+-------+-------++-------
Melee: Unarmed           |    28 |    73 ||   101
  Use: Potion            |       |     1 ||     1
 Stab: Sleeping          |       |     1 ||     1
  Eat: Bread ration      |     1 |       ||     1
       Chunk             |       |     7 ||     7
